 Dungeon Crawl Stone Soup version 0.27.1-33-g824d729ab1 (console) character file.

Game seed: 8191521712123598871

37 toffzen the Skirmisher (level 3, 0/34 HPs)
             Began as a Minotaur Brigand on Nov 29, 2021.
             Slain by an orc wizard (2 damage)
             ... on level 3 of the Dungeon.
             The game lasted 00:02:26 (1391 turns).

toffzen the Skirmisher (Minotaur Brigand)           Turns: 1391, Time: 00:02:26

Health: 0/34       AC:  7    Str: 16    XL:     3   Next: 23%
Magic:  2/2        EV: 10    Int:  8    God:
Gold:   84         SH:  0    Dex: 11    Spells: 2/2 levels left

rFire    . . .     SeeInvis .   a - +0 flail
rCold    . . .     Faith    .   (no shield)
rNeg     + . .     Spirit   .   f - +0 ring mail
rPois    .         Reflect  .   (helmet restricted)
rElec    .         Harm     .   c - +0 cloak
rCorr    +         Rampage  .   n - +0 pair of gloves
Will     .....                  (no boots)
Stlth    ..........             (no amulet)
HPRegen  0.11/turn              l - ring of resist corrosion
MPRegen  0.08/turn              o - ring of positive energy

@: confused
A: horns 2, retaliatory headbutt
a: no special abilities


You were on level 3 of the Dungeon.
You visited 1 branch of the dungeon, and saw 3 of its levels.

You collected 84 gold pieces.

Inventory:

Hand Weapons
 a - a +0 flail (weapon)
 b - a +2 dagger
Missiles
 d - 8 poisoned darts (quivered)
 e - 2 curare-tipped darts
 k - 51 stones
Armour
 c - a +0 cloak (worn)
 f - a +0 ring mail (worn)
 n - a +0 pair of gloves (worn)
Jewellery
 l - a ring of resist corrosion (left hand)
 o - a ring of positive energy (right hand)
Scrolls
 i - a scroll of fear {unknown}
 j - a scroll of identify {unknown}
 m - a scroll of fog {unknown}
Potions
 g - 2 potions of brilliance {unknown}
 h - a potion of flight {unknown}
 p - a potion of invisibility {unknown}


   Skills:
 + Level 4.3 Fighting
 - Level 2.1 Short Blades
 + Level 0.0 Maces & Flails
 - Level 2.0 Throwing
 + Level 0.4 Armour
 + Level 1.2 Dodging
 - Level 3.2 Stealth


You had 2 spell levels left.
You didn't know any spells.
Your spell library contained the following spells:

 Spells                   Type           Power      Damage    Failure   Level
 Animate Skeleton         Necr           0%         N/A       63%         1
 Apportation              Tloc           0%         N/A       63%         1
 Corona                   Hex            0%         N/A       63%         1
 Summon Small Mammal      Summ           0%         N/A       63%         1
 Blade Hands              Tmut           0%         N/A       100%        5
 Irradiate                Conj/Tmut      0%         3d14      100%        5
 Dragon Form              Tmut           0%         N/A       100%        7


Dungeon Overview and Level Annotations

Branches:
Dungeon (3/15)

Altars:


Innate Abilities, Weirdness & Mutations

You have a pair of horns on your head.
You reflexively headbutt those who attack you in melee.


Message History

a +0 dagger; a +0 chain mail You barely miss something.
Your headbutt misses something. Something hits you but does no damage.
You hear some strange, mumbled words.
A magic dart appears from out of thin air!
The magic dart hits you!
You hit something.
You hear some strange, mumbled words.
A puff of flame appears from out of thin air!
The puff of flame hits you.
You miss something. Your headbutt misses something.
You hear some strange, mumbled words.
You are confused.
The orc priest looks satisfied for a moment.
Something hits you but does no damage.
You completely miss something. You headbutt something.
Something hits you but does no damage.
You bump into the rock wall.
Something hits you.
You miss something.
You hear some strange, mumbled words.
A puff of flame appears from out of thin air!
The puff of flame hits you but does no damage.
You bump into the rock wall.
You hear some strange, mumbled words.
A magic dart appears from out of thin air!
The magic dart hits you.
You completely miss something. Your headbutt misses something.
You feel less confused. Something hits you but does no damage.
The orc priest calls down the wrath of Beogh upon you.
Beogh smites you!
* * * LOW HITPOINT WARNING * * *
Something hits you but does no damage.
You completely miss something.
You hear some strange, mumbled words.
You are confused.
You miss something. Something hits you.
* * * LOW HITPOINT WARNING * * *
Something hits you.
You die...

####### #.....# #.....#
#.....# ########.....#
..........†...
########.....#
##################.....#
....oo{@...............†
########################
#........# #.(......###
#...........
#........###
####.#.....# #.#.###.#
#.#.###.#


You could see an orc priest and an orc.

Vanquished Creatures
  2 orcs (D:3)
  3 ball pythons
  3 endoplasms
  5 hobgoblins
  3 jackals (D:1)
  A quokka (D:2)
  4 bats
  2 frilled lizards
  5 kobolds
  5 rats
33 creatures vanquished.

Notes
Turn   | Place    | Note
-------+----------+-------------------------------------------
     0 | D:1      | toffzen the Minotaur Brigand began the quest for the Orb.
     0 | D:1      | Reached XP level 1. HP: 18/18 MP: 0/0
    26 | D:1      | Reached skill level 3 in Fighting
   140 | D:1      | Reached XP level 2. HP: 26/26 MP: 1/1
   306 | D:1      | Found a faded altar of an unknown god.
   769 | D:2      | Reached skill level 4 in Fighting
  1062 | D:2      | Reached XP level 3. HP: 26/33 MP: 2/2
  1391 | D:3      | Slain by an orc wizard

Illustrated notes

Levels and vault maps discovered:
D:1:      lightli_arrival_statue_moat, layout_rooms,
          ebering_ecumenical_altar_ruins
D:2:      layout_basic
D:3:      layout_basic

Skill      XL: |  1  2 |
---------------+-------+-----
Fighting       | 3 4 |  4.3
Short Blades   | |  2.1
Throwing       | |  2.0
Armour         | |  0.4
Dodging        | |  1.2
Stealth        | |  3.2

Action                   || total
-------------------------++-------
Melee: Dagger            ||    65
       Headbutt          ||    13
       Flail             ||    13
 Stab: Sleeping          ||     1
Armor: Robe              ||    10
       Ring mail         ||    23
Dodge: Dodged            ||    46
